 Dungeon Crawl Stone Soup version 0.29-a0-11-ga75d3d97ab (webtiles) character file.

Game seed: 5549438540898033531

14 elagabalus the Twirler (level 2, 26/26 HPs)
             Began as a Minotaur Gladiator on Jan 28, 2022.
             Quit the game on level 2 of the Dungeon on Feb 8, 2022.
             The game lasted 00:06:36 (705 turns).

elagabalus the Twirler (Minotaur Gladiator)          Turns: 705, Time: 00:06:36

Health: 26/26      AC:  4    Str: 18    XL:     2   Next: 31%
Magic:  1/1        EV: 12    Int:  5    God:
Gold:   44         SH:  0    Dex: 11    Spells: 1/1 levels left

rFire   . . .      SeeInvis .   a - +0 quarterstaff
rCold   . . .      Faith    .   (shield currently unavailable)
rNeg    . . .      Spirit   .   b - +0 leather armour
rPois   .          Reflect  .   c - +0 hat
rElec   .          Harm     .   h - +0 cloak
rCorr   .          Rampage  .   (no gloves)
Will    .....                   (no boots)
Stlth   +.........              (no amulet)
HPRegen 0.08/turn               (no ring)
MPRegen 0.07/turn               (no ring)

@: no status effects
A: horns 2, retaliatory headbutt
a: no special abilities


You were on level 2 of the Dungeon.
You visited 1 branch of the dungeon, and saw 2 of its levels.

You collected 44 gold pieces.

Inventory:

Hand Weapons
 a - a +0 quarterstaff (weapon)
Missiles
 d - 3 throwing nets (quivered)
Armour
 b - a +0 leather armour (worn)
 c - a +0 hat (worn)
 h - a +0 cloak (worn)
Scrolls
 e - a scroll of fog {unknown}
 f - a scroll of brand weapon {unknown}
 g - a scroll of identify {unknown}
 j - a scroll of fear {unknown}
 l - a scroll of enchant armour {unknown}
Potions
 i - a potion of magic {unknown}
 k - 2 potions of attraction {unknown}


   Skills:
 - Level 3.0 Fighting
 + Level 4.2 Staves
 - Level 2.0 Throwing
 - Level 3.2 Dodging


You had one spell level left.
You didn't know any spells.
Your spell library was empty.

Dungeon Overview and Level Annotations

Branches:
Dungeon (2/15)

Altars:


Innate Abilities, Weirdness & Mutations

You have a pair of horns on your head.
You reflexively headbutt those who attack you in melee.


Message History

j - a scroll labelled OMY ISTEODOI You see here a +0 robe.
An endoplasm comes into view.
Found a smoky ruby potion.
The endoplasm quivers.
You see here a smoky ruby potion.
k - a smoky ruby potion You barely miss the endoplasm.
The endoplasm freezes you.
You are frozen.
You thump the endoplasm!
You kill the endoplasm!
Found 13 gold pieces.
A bat comes into view.
You barely miss the bat. Your headbutt misses the bat.
The bat closely misses you.
You miss the bat. The bat hits you but does no damage.
You hit the bat.
You kill the bat!
You now have 44 gold pieces (gained 13).
l - a scroll labelled ZOMETI JURO
Found a smoky ruby potion.
k - 2 smoky ruby potions (gained 1)
There is a stone staircase leading down here.
You climb downwards.
There is a stone staircase leading up here.
A bat comes into view.
The bat misses you.
You barely miss the bat. The bat hits you but does no damage.
You hit the bat but do no damage. The bat closely misses you.
You hit the bat but do no damage. The bat hits you but does no damage.
The bat closely misses you.
You thump the bat!
You kill the bat!
Your Fighting skill increases to level 3!
You see here a bat corpse.
Found a stone staircase leading down.
Welcome back, elagabalus the Minotaur Gladiator.
Press ? for a list of commands and other information.
Are you sure you want to abandon this character and quit the game? (Confirm with "yes".)

#.# ..#
#.# #.#
##.##
##...####
#.......+
#..@#
#..## #.##
#.# #.# +#
#.# .# #.#
.# #.#
##.##
##.##
###...####


There were no monsters in sight!

Vanquished Creatures
  A dart slug (D:1)
  3 ball pythons (D:1)
  2 endoplasms (D:1)
  2 hobgoblins (D:1)
  2 bats
  A kobold (D:1)
  A rat (D:1)
12 creatures vanquished.

Notes
Turn   | Place    | Note
-------+----------+-------------------------------------------
     0 | D:1      | elagabalus the Minotaur Gladiator began the quest for the
                  | Orb.
     0 | D:1      | Reached XP level 1. HP: 18/18 MP: 0/0
   285 | D:1      | Reached skill level 4 in Staves
   290 | D:1      | Reached XP level 2. HP: 24/25 MP: 1/1
   705 | D:2      | Quit the game

Illustrated notes

Levels and vault maps discovered:
D:1:      lightli_arrival_lavapool, layout_loops_cross, hex_medium,
          roderic_roman_lattice
D:2:      minmay_recursive_quarters, layout_loops_corners,
          shapermc_ecumenical_altar_ellora

Skill      XL: |  1  2 |
---------------+-------+-----
Staves         | 4 |  4.2
Fighting       | 3 |  3.0
Throwing       | |  2.0
Dodging        | |  3.2

Action                   || total
-------------------------++-------
Melee: Quarterstaff      ||    29
       Headbutt          ||     2
 Stab: Sleeping          ||     1
Armor: Leather armour    ||     9
Dodge: Dodged            ||    17

Table legend: (Time is in decaauts)
 A = Elapsed time spent in this place.
 B = Non-inter-level travel time spent in this place.
 C = Inter-level travel time spent in this place.
 D = Time resting spent in this place.
 E = Time spent auto-exploring this place.
 F = Levels seen in this place.
 G = Mean time per level.
                   A        B        C        D        E       F      G
               +--------+--------+--------+--------+--------+-----+--------+
         Total |    707 |    113 |    594 |      0 |      0 |   2 |  353.5 |
       Dungeon |    707 |    113 |    594 |      0 |      0 |   2 |  353.5 |
               +--------+--------+--------+--------+--------+-----+--------+

Top non-repeatable levels by time:
     D:1: 645 daAuts
     D:2: 62 daAuts
